 Dungeon Crawl Stone Soup version 0.30.0-19-g36f170ea60 (webtiles) character file.

Game seed: 969904319988280711

2688 tizbic2 the Conjurer (level 9, -6/71 HPs)
             Began as a Demigod Conjurer on May 29, 2023.
             Mangled by an orc knight
             ... wielding a +0 war axe
              (15 damage)
             ... in a bailey.
             The game lasted 00:34:13 (5706 turns).

tizbic2 the Conjurer (Demigod Conjurer)             Turns: 5706, Time: 00:34:13

Health: -6/71      AC: 14    Str: 20    XL:     9   Next: 15%
Magic:  11/21      EV:  9    Int: 32    God:
Gold:   410        SH:  0    Dex: 18    Spells: 16/19 levels left

rFire   . . .        L - +0 lajatang
rCold   . . .        (shield currently unavailable)
rNeg    . . .        n - +1 chain mail
rPois   .            d - +2 helmet
rElec   .            (no cloak)
rCorr   .            (no gloves)
SInv    .            (no boots)
Will    .....        K - amulet of magic regeneration Stlth
                     u - +6 ring of intelligence
HPRegen 0.31/turn    H - ring "Ifeifes" {Int+6 Dex+6 Slay+6}
MPRegen 0.57/turn

%: no passive effects
@: no status effects
A: high MP 1, forlorn, divine attributes
a: no special abilities


You were in a bailey.
You visited 1 branch of the dungeon, and saw 7 of its levels.
You also visited: Bailey.

You collected 410 gold pieces.

Inventory:

Hand Weapons
 p - a +2 whip of venom
 w - a +4 dagger
 x - a +2 heavy flail
 L - a +0 lajatang (weapon)
 O - a +1 hand axe of flaming
Missiles
 l - 72 stones
 t - 11 poisoned darts
 z - 2 throwing nets
 C - 3 boomerangs of dispersal
 D - 13 boomerangs
Armour
 c - an orb of wrath
 d - a +2 helmet (worn)
 k - a +0 ring mail
 n - a +1 chain mail (worn)
Magical Staves
 I - a staff of fire
Jewellery
 q - a ring of ice
 u - a +6 ring of intelligence (left hand)
 v - a ring of willpower
 A - a ring of protection from cold
 H - the ring "Ifeifes" (right hand) {Int+6 Dex+6 Slay+6}
   (You found it on level 5 of the Dungeon)

   [ring of intelligence]

   Int:       It affects your intelligence (+6).
   Dex:       It affects your dexterity (+6).
   Slay:      It affects your accuracy & damage with ranged weapons and melee
   (+6).
 K - an amulet of magic regeneration (around neck)
Wands
 h - a wand of mindburst (31)
 o - a wand of roots (12)
 y - a wand of flame (2)
 M - a wand of acid (7)
Scrolls
 e - 3 scrolls of blinking
 f - 2 scrolls of fear
 i - a scroll of amnesia
 m - a scroll of magic mapping {unknown}
 r - 3 scrolls of teleportation
 s - a scroll of poison {unknown}
 G - 2 scrolls of butterflies {unknown}
 N - a scroll of brand weapon {unknown}
Potions
 b - a potion of magic
 j - 4 potions of cancellation
 B - 2 potions of attraction
 J - a potion of haste


   Skills:
 + Level 3.7 Fighting
 - Level 3.1(3.5) Maces & Flails
 * Level 2.2(3.1) Staves
 + Level 5.2 Armour
 - Level 2.2 Dodging
 - Level 2.0 Stealth
 * Level 5.6 Spellcasting
 + Level 6.6 Conjurations
 + Level 1.5 Ice Magic
 + Level 1.6 Air Magic


You had 16 spell levels left.
You knew the following spells:

 Your Spells              Type           Power      Damage    Failure   Level
a - Magic Dart            Conj           100%       1d8       2%          1
b - Searing Ray           Conj           100%       2d8       3%          2

Your spell library contained the following spells:

 Spells                   Type           Power      Damage    Failure   Level
 Dazzling Flash           Conj/Hex       60%        N/A       26%         3
 Mephitic Cloud           Conj/Pois/Air  26%        N/A       32%         3
 Ensorcelled Hibernation  Hex/Ice        26%        N/A       36%         2
 Poisonous Vapours        Pois/Air       28%        N/A       36%         2
 Fulminant Prism          Conj/Hex       15%        3d10      65%         4
 Iskenderun's Mystic Bla  Conj/Tloc      30%        2d8       65%         4
 Spider Form              Tmut/Pois      8%         N/A       71%         3
 Tukima's Dance           Hex            8%         N/A       71%         3
 Freezing Cloud           Conj/Ice/Air   14%        6-21      94%         5
 Anguish                  Hex/Necr       4%         N/A       98%         4
 Passage of Golubria      Tloc           8%         N/A       98%         4
 Yara's Violent Unravell  Hex/Tmut       4%         3d4       100%        5


Dungeon Overview and Level Annotations

Branches:
Dungeon (7/15)             Temple (0/1) D:5          Bailey (1/1)

Annotations:
D:7 Pikel


Innate Abilities, Weirdness & Mutations

You have an increased reservoir of magic. (+10% MP)
You shall have no god before yourself.
Your divine heritage dramatically boosts your attributes as you level up.


Message History

The orc knight hits you with a +0 war axe!
The searing ray hits the orc knight.
The orc knight is moderately wounded.
The orc knight hits you but does no damage.
The searing ray hits the orc knight!
The orc knight is heavily wounded.
You finish channelling your searing ray.
The orc knight hits you with a +0 war axe!
The orc knight barely misses you.
Casting: Searing Ray (safe; 3% risk of failure)
Confirm with . or Enter, or press ? or * to list all spells.
Aiming: Searing Ray (safe; 3% risk of failure)
Press: ? - help, Shift-Dir - straight line, f/p - orc knight
Aim: an orc knight, wielding a +0 war axe and wearing a +0 plate armour (moderately wounded, 83% to hit)
The searing ray hits the orc knight!
The orc knight is heavily wounded. (Press . to maintain the ray.)
The orc knight hits you with a +0 war axe.
The searing ray hits the orc knight.
The orc knight is severely wounded.
The orc knight hits you with a +0 war axe.
The searing ray hits the orc knight!
The orc knight is severely wounded.
The orc knight hits you with a +0 war axe!
* * * LOW HITPOINT WARNING * * *
The searing ray hits the orc knight.
The orc knight is almost dead.
You finish channelling your searing ray.
The orc knight hits you with a +0 war axe!
* * * LOW HITPOINT WARNING * * *
Casting: Searing Ray (safe; 3% risk of failure)
Confirm with . or Enter, or press ? or * to list all spells.
Aiming: Searing Ray (safe; 3% risk of failure)
Press: ? - help, Shift-Dir - straight line, f/p - orc knight
Aim: an orc knight, wielding a +0 war axe and wearing a +0 plate armour (almost dead, 83% to hit)
The searing ray hits the orc knight but does no damage.
The orc knight is almost dead. (Press . to maintain the ray.)
The orc knight hits you with a +0 war axe!
You die...

....'.....#..
∩...'.....#..
....'.....#o.
..†.#†...##8.
)).##....#~!.
†.##.....#~}. .
≈##......##~~ ##...
≈#........#########......
≈#..8..8....'...@o)......
≈#..........#)~~~~#......
≈##.........#~~~~~# ..8..
≈≈##...8...##~~~~~# ....
≈≈ ##.....##.......# ...
##...##.........# $!
#####♣♣♣.....♣♣♣ #
♣♣♣∩♣♣♣


You could see an orc knight.

Vanquished Creatures
  Menkaure (D:6)
  Edmund (D:6)
  Duvessa (D:6)
  An orc warrior (Bailey)
  An ice beast (D:5)
  A sky beast (D:5)
  2 black bears
  A phantom (D:5)
  A centaur (D:6)
  A kobold brigand (D:4)
  2 scorpions
  Dowan (D:6)
  9 killer bees
  2 howler monkeys
  2 jellies
  A quasit (D:5)
  7 hounds
  2 gnoll boudas (D:6)
  3 orc priests
  An iguana (D:4)
  A sleepcap (D:4)
  An orc wizard (D:6)
  9 adders
  26 gnolls
  A shadow imp (D:6)
  6 white imps
  2 ufetubi
  A worm (D:2)
  3 dart slugs
  33 orcs
  3 ball pythons
  4 bats
  7 endoplasms
  4 giant cockroaches
  9 goblins
  3 hobgoblins
  14 jackals (D:4)
  A ball python skeleton (D:3)
  5 frilled lizards
  16 kobolds
  6 rats
196 creatures vanquished.

Notes
Turn   | Place    | Note
-------+----------+-------------------------------------------
     0 | D:1      | tizbic2 the Demigod Conjurer began the quest for the Orb.
     0 | D:1      | Reached XP level 1. HP: 14/14 MP: 5/5
   129 | D:1      | You fall into a shaft and drop 1 floor!
   350 | D:2      | Reached XP level 2. HP: 15/20 MP: 0/7
   676 | D:1      | Reached XP level 3. HP: 27/27 MP: 6/8
   944 | D:1      | Reached skill level 4 in Conjurations
  1276 | D:2      | Learned a level 2 spell: Searing Ray
  1562 | D:3      | Reached skill level 1 in Armour
  1562 | D:3      | Reached XP level 4. HP: 24/34 MP: 7/10
  1602 | D:3      | Reached skill level 1 in Fighting
  2005 | D:4      | Reached XP level 5. HP: 40/40 MP: 8/12
  2054 | D:4      | Reached skill level 1 in Maces & Flails
  2332 | D:4      | Reached XP level 6. HP: 47/47 MP: 6/13
  2596 | D:4      | Reached skill level 5 in Conjurations
  2791 | D:4      | Reached XP level 7. HP: 55/55 MP: 12/15
  3087 | D:5      | Entered Level 5 of the Dungeon
  3344 | D:5      | Found a staircase to the Ecumenical Temple.
  3637 | D:5      | Reached XP level 8. HP: 57/62 MP: 11/18
  3723 | D:5      | Identified the ring "Ifeifes" {Int+6 Dex+6 Slay+6}
  3759 | D:5      | Reached skill level 6 in Conjurations
  3882 | D:6      | Noticed Duvessa
  3882 | D:6      | Noticed Dowan
  3917 | D:6      | Killed Duvessa
  4030 | D:6      | Killed Dowan
  4031 | D:6      | Noticed Edmund
  4046 | D:6      | Killed Edmund
  4266 | D:6      | Reached skill level 5 in Spellcasting
  4815 | D:6      | Noticed Menkaure
  4831 | D:6      | Killed Menkaure
  4834 | D:6      | Reached skill level 1 in Staves
  4944 | D:6      | Reached skill level 5 in Armour
  5037 | D:6      | Reached skill level 1 in Air Magic
  5249 | D:6      | Reached skill level 1 in Ice Magic
  5492 | D:7      | Reached XP level 9. HP: 46/70 MP: 11/20
  5610 | D:7      | Found a flagged portal.
  5623 | D:7      | Noticed Pikel
  5630 | Bailey   | Entered a bailey
  5636 | Bailey   | Noticed an orc warlord
  5692 | Bailey   | Noticed an orc knight
  5706 | Bailey   | Mangled by an orc knight

Illustrated notes

Levels and vault maps discovered:
D:1:      minmay_arrival_hallway, layout_basic
D:2:      layout_loops_corners
D:3:      layout_rooms, grunt_dithmenos_smoke, serial_undead, serial_undead_f,
          serial_undead_c, serial_undead_e, serial_undead_e,
          minmay_misc_feat_cross, mrwooster_statue_mirror
D:4:      lemuel_castle_with_subvaults [lemuel_castle_interior_original],
          layout_cave_pools
D:5:      layout_basic, minmay_temple_entry_stoned_glass, serial_demonic,
          serial_demonic_g, serial_demonic_c, serial_demonic_b, serial_demonic_g
D:6:      layout_gridville, kb_lookout_dungeons_type, uniq_duvessa,
          uniq_menkaure, uniq_edmund
D:7:      layout_rooms, grunt_temple_overflow_champion_of_chaos,
          nemelex_dance_club_becter, vehumet_crystals, enter_bailey_5,
          serial_glass, glass_columns_b, glass_columns_a, glass_columns_b,
          glass_columns_b, glass_columns_c, serial_bayou_ford_a,
          chequers_serial_rivers_micro_b, item_on_display_a, uniq_pikel
Bailey:   bailey_axe_bossmonster_kennysheep, bailey

Skill      XL: |  1  2  3  4  5  6  7  8  9 |
---------------+----------------------------+-----
Stealth        | 2 |  2.0
Dodging        | 2 |  2.2
Spellcasting   | 2 3 4 5 |  5.6
Conjurations   | 4 5 6 |  6.6
Armour         | 1 2 3 4 5 |  5.2
Fighting       | 1 2 3 |  3.7
Maces & Flails | 1 2 3 |  3.1
Staves         | 1 2 |  2.2
Air Magic      | 1 |  1.6
Ice Magic      | 1 |  1.5

Action                     |  1- 3 |  4- 6 |  7- 9 || total
---------------------------+-------+-------+-------++-------
  Melee: Dagger            |    58 |       |       ||    58
         Whip              |    35 |    83 |    99 ||   217
         Lajatang          |       |       |    34 ||    34
         Flail             |       |       |     7 ||     7
   Cast: Magic Dart        |    31 |    27 |    22 ||    80
         Searing Ray       |     3 |    21 |    39 ||    63
    Use: Scroll            |     4 |     7 |     5 ||    16
         Potion            |       |     1 |     3 ||     4
   Stab: Sleeping          |     2 |       |       ||     2
         Invisible         |       |       |     1 ||     1
 Armour: Robe              |    10 |       |       ||    10
         Ring mail         |    24 |    51 |    68 ||   143
         Chain mail        |       |       |   101 ||   101
  Dodge: Dodged            |    54 |    88 |   126 ||   268
